AoeStats
← FloAoE

Nomad

509959224Analyzed
3v3 RM · 3d ago on Sep 28, 2026· 24m 44s· 6 players
Game mode
Random Map
Map size
210×210
Population
200
Speed
Normal
Resources
Standard
Victory
Conquest
Starting age
Dark Age
Ending age
Imperial Age
RankedLock teamsTeams togetherTeam positionsShared explorationLock speedFull tech treeHidden civsTurbo modeCheats
Victory
Defeat
🇹🇷 Mongols · Türkiye
1462
+14
🇨🇦 Dravidians · Canada
1431
+15
🇩🇪 Saracens · Germany
1410
+16
🇦🇷 Spanish · Argentina
1501
-18
🇦🇷 Tupi · Argentina
1428
-16
🇦🇷 Huns · Argentina
1315
-11
AssassingBlue
5:05 Loom
13:14 Feudal Age
15:04 Double-Bit Axe
15:11 Fletching
17:17 Padded Archer Armor
22:49 Gold Mining
25:34 Castle Age
TVHG - El León de Riobamba
3:00 Loom
13:16 Feudal Age
17:15 Fletching
19:29 Double-Bit Axe
26:08 Castle Age
TVHG.Benjamin Smurfy
4:48 Loom
13:21 Feudal Age
17:10 Castle Age
16:05 Padded Archer Armor
17:55 Fletching
18:46 Bodkin Arrow
21:21 Double-Bit Axe
24:56 Padded Archer Armor
FloAoE
4:36 Loom
14:32 Feudal Age
21:31 Castle Age
19:26 Fletching
21:48 Double-Bit Axe
22:10 Padded Archer Armor
23:12 Bow Saw
Ranchy
5:14 Loom
12:48 Feudal Age
13:22 Double-Bit Axe
13:28 Town Watch
16:23 Fletching
16:38 Fletching
17:16 Fishing Lines
21:47 Castle Age
22:25 Padded Archer Armor
22:28 Bodkin Arrow
22:07 Crossbowman
23:45 Bow Saw
23:37 Elite Skirmisher
g_ermeric
5:59 Loom
15:27 Feudal Age
16:50 Double-Bit Axe
19:16 Castle Age
18:00 Fletching
17:56 Town Watch
20:32 Padded Archer Armor
22:54 Horse Collar
Connection lost

Rejoining the realm…

Still unreachable

The connection could not be restored.

Session expired

The server has moved on; the page needs a fresh start.